 Dungeon Crawl Stone Soup version 0.28-a0-1616-g050a50673c (webtiles) character file.

Game seed: 7145534628316688674

38 Armakuni the Skirmisher (level 3, -1/29 HPs)
             Began as a Human Transmuter on Jan 22, 2022.
             Slain by an orc (5 damage)
             ... on level 2 of the Dungeon.
             The game lasted 00:03:58 (1870 turns).

Armakuni the Skirmisher (Human Transmuter)          Turns: 1870, Time: 00:03:59

Health: -1/29      AC:  5    Str: 12    XL:     3   Next: 65%
Magic:  6/6        EV: 10    Int: 13    God:
Gold:   75         SH:  0    Dex: 13    Spells: 3/6 levels left

rFire   . . .      SeeInvis .   a - +0 whip
rCold   . . .      Faith    .   (no shield)
rNeg    . . .      Spirit   .   d - +0 ring mail
rPois   .          Reflect  .   (no helmet)
rElec   .          Harm     .   (no cloak)
rCorr   .          Rampage  .   (no gloves)
Will    .....                   (no boots)
Stlth   +.........              (no amulet)
HPRegen 0.09/turn               (no ring)
MPRegen 0.10/turn               (no ring)

@: no status effects
A: no striking features
a: no special abilities


You were on level 2 of the Dungeon.
You visited 1 branch of the dungeon, and saw 3 of its levels.

You collected 75 gold pieces.

Inventory:

Hand Weapons
 a - a +0 whip (weapon)
Armour
 c - a +0 chain mail
 d - a +0 ring mail (worn)
Scrolls
 b - a scroll of identify


   Skills:
 + Level 3.2 Fighting
 - Level 2.0 Dodging
 - Level 3.0 Unarmed Combat
 - Level 2.0 Spellcasting
 - Level 2.0 Transmutations


You had 3 spell levels left.
You knew the following spells:

 Your Spells              Type           Power      Damage    Failure   Level
a - Beastly Appendage     Tmut           12%        N/A       26%         1
w - Wereblood             Tmut           6%         N/A       36%         2

Your spell library contained the following spells:

 Spells                   Type           Power      Damage    Failure   Level
 Magic Dart               Conj           4%         1d3       50%         1
 Call Imp                 Summ           1%         N/A       65%         2
 Spider Form              Tmut/Pois      3%         N/A       75%         3
 Mephitic Cloud           Conj/Pois/Air  1%         N/A       86%         3
 Ice Form                 Ice/Tmut       3%         N/A       98%         4


Dungeon Overview and Level Annotations

Branches:
Dungeon (3/15)

Altars:


Message History

You hit the orc but do no damage.
The orc is severely wounded.
The orc closely misses you.
Casting: Beastly Appendage (safe; 26% risk of failure)
Press: ? - help, Q - select action Dir - look around, f - activate You grow a pair of large bovine horns.
Your feet morph into talons.
The orc barely misses you.
You hit the orc but do no damage. You claw the orc. You headbutt the orc.
You kill the orc!
You hit the orc but do no damage. The orc hits you with a +0 morningstar!
The orc completely misses you.
You completely miss the orc. The orc closely misses you.
You hit the orc but do no damage. Your headbutt misses the orc.
The rat twitches its whiskers.
The orc misses you.
You hit the orc but do no damage. You claw the orc, but do no damage.
Your headbutt misses the orc. The orc completely misses you.
You hit the orc but do no damage.
Your transformation is almost over.
The orc hits you with a +0 morningstar!
Press: ? - help, v - describe, . - travel
Here: an orc, wielding a +0 morningstar and wearing a +0 ring mail of cold resistance The floor, spattered with blood.
Unknown command.
Your horns disappear.
Your talons disappear.
You aren't carrying any potions.
Okay, then.
Unknown command.
There is a stone staircase leading up here.
The orc hits you with a +0 morningstar.
* * * LOW HITPOINT WARNING * * *
You climb upwards.
The adder bites you.
* * * LOW HITPOINT WARNING * * *
The adder bites you but does no damage.
There is a stone staircase leading down here.
Okay, then.
You aren't carrying any potions.
The adder misses you. The orc hits you but does no damage.
The orc hits you with a +0 morningstar.
You die...

##.###.#.######
#### ....#.#.#
#. #####)..#.#.#
#.
+.......#.#.####
#. #.##.......
#. #..+.......
#. #..#.......
#. #....# ##
#.#@.# #.#So#
#...># ######


You could see an adder and an orc.

Vanquished Creatures
  A dart slug (D:2)
  2 orcs (D:3)
  6 ball pythons
  A bat (D:3)
  4 endoplasms
  A giant cockroach (D:3)
  3 goblins
  6 hobgoblins
  3 kobolds
  4 rats (D:1)
31 creatures vanquished.

Notes
Turn   | Place    | Note
-------+----------+-------------------------------------------
     0 | D:1      | Armakuni the Human Transmuter began the quest for the Orb.
     0 | D:1      | Reached XP level 1. HP: 15/15 MP: 3/3
    83 | D:1      | Found a faded altar of an unknown god.
   250 | D:1      | Reached XP level 2. HP: 22/22 MP: 3/5
   544 | D:1      | Learned a level 2 spell: Wereblood
  1124 | D:2      | Reached XP level 3. HP: 27/28 MP: 4/6
  1870 | D:2      | Slain by an orc

Illustrated notes

Levels and vault maps discovered:
D:1:      eino_arrival_cavern_a, layout_basic,
          hellmonk_ecumenical_altar_prayer_group, st_stairs_2,
          minmay_misc_feat_cross
D:2:      layout_basic
D:3:      layout_basic

Skill      XL: |  1  2  3 |
---------------+----------+-----
Fighting       | 2 3 |  3.2
Dodging        | |  2.0
Unarmed Combat | |  3.0
Spellcasting   | |  2.0
Transmutations | |  2.0

Action                   || total
-------------------------++-------
Melee: Whip              ||    87
       Hand axe          ||     4
       Kick              ||    24
       Headbutt          ||     8
       Punch             ||     1
 Cast: Beastly Appendage ||    23
  Use: Scroll            ||     2
 Stab: Sleeping          ||     2
Armor: Robe              ||     4
       Ring mail         ||     7
Dodge: Dodged            ||    64

Table legend: (Time is in decaauts)
 A = Elapsed time spent in this place.
 B = Non-inter-level travel time spent in this place.
 C = Inter-level travel time spent in this place.
 D = Time resting spent in this place.
 E = Time spent auto-exploring this place.
 F = Levels seen in this place.
 G = Mean time per level.
                   A        B        C        D        E       F      G
               +--------+--------+--------+--------+--------+-----+--------+
         Total |   1879 |   1858 |     21 |    280 |   1218 |   3 |  626.3 |
       Dungeon |   1879 |   1858 |     21 |    280 |   1218 |   3 |  626.3 |
               +--------+--------+--------+--------+--------+-----+--------+

Top non-repeatable levels by time:
     D:1: 1091 daAuts
     D:3: 419 daAuts
     D:2: 369 daAuts
